 Dungeon Sprint DCSS version 0.31-a0-846-gb3bcc0d938 (webtiles) character file.

Game seed: 332768116144723651

1955 sircluck the Grappler (level 8, -12/94 HPs)
             Began as a Troll Berserker on Oct 3, 2023.
             Was a High Priest of Trog.
             Mangled by Erolcha
             ... wielding a +0 giant club
              (34 damage)
             ... in the Dungeon (Sprint III: "The Ten Rune Challenge").
             The game lasted 00:01:30 (453 turns).

sircluck the Grappler (Troll Berserker)              Turns: 453, Time: 00:01:30

Health: -12/94     AC:  5    Str: 28    XL:     8   Next: 99%
Magic:  7/7        EV: 12    Int:  3    God:    Trog [*****.]
Gold:   40         SH:  0    Dex:  9    Spells: 7/7 levels left

rFire   . .          .
                       - Unarmed
rCold   . . .        (no shield)
rNeg    . . .        a - +0 animal skin
rPois   .            (helmet restricted)
rElec   .            (no cloak)
rCorr   .            (gloves unavailable)
SInv    .            (boots unavailable)
Will    .....        (no amulet)
Stlth   +            (no ring)
HPRegen 1.15/turn    (no ring)
MPRegen 0.10/turn

%: no teleportation
@: no status effects
A: large, unfitting armour, claws 3, regeneration 1, shaggy fur 2, tough skin 1
a: Renounce Religion, Berserk, Trog's Hand, Brothers in Arms


You were in the Dungeon.
You worshipped Trog.
Trog was extremely pleased with you.
You visited 1 branch You collected 40 gold pieces.

Inventory:

Armour
 a - a +0 animal skin (worn)
Wands
 n - a wand of digging (3)
 o - a wand of paralysis (4)
Scrolls
 g - a scroll of blinking
 i - a scroll of poison {unknown}
 j - 3 scrolls of identify
 l - a scroll of torment {unknown}
Potions
 b - 2 potions of curing
 c - a potion of heal wounds
 d - 2 potions of haste
 e - 2 potions of magic
 f - a potion of berserk rage
 h - a potion of mutation
 k - a potion of cancellation {unknown}
 m - 2 potions of enlightenment


   Skills:
 + Level 10.3 Fighting
 + Level 10.2 Dodging
 + Level 12.1 Unarmed Combat


You had 7 spell levels left.
You didn't know any spells.
Your spell library was empty.

Dungeon Overview and Level Annotations

Branches:
Dungeon (1/1)

Altars:
Cheibriados
Dithmenos
Elyvilon
Fedhas
Gozag
Hepliaklqana
Kikubaaqudgha
Makhleb
Nemelex Xobeh
Okawaru
Qazlal
Ru
Sif Muna
Trog
Uskayaw
Vehumet
Wu Jian
Xom
Yredelemnul
Zin
The Shining One
Jiyva
Lugonu

Annotations:
D Erolcha


Innate Abilities, Weirdness & Mutations

You are too large for most types of armour.
You have claws for hands.
Your natural rate of healing is unusually fast.
You are covered in thick fur. (AC +2)
You have tough skin. (AC +1)


Message History

The two-headed ogre shouts in stereo!
Erolcha mumbles some strange words.
Erolcha flickers and vanishes!
Deactivating autopickup; reactivate with Ctrl-A.
You mangle the two-headed ogre!!
The two-headed ogre is moderately wounded.
The two-headed ogre hits you with a +0 giant club!!
The two-headed ogre hits you with a +0 giant club!
You mangle the two-headed ogre!! You claw the two-headed ogre!
The two-headed ogre is severely wounded.
You scratch the two-headed ogre.
The two-headed ogre is severely wounded.
You hear some strange, mumbled words.
The two-headed ogre closely misses you.
The two-headed ogre hits you with a +0 giant club!!
* * * LOW HITPOINT WARNING * * *
You mangle the two-headed ogre!!
You kill the two-headed ogre!
Trog accepts your kill.
Your Dodging skill increases to level 10!
Your Unarmed Combat skill increases to level 12!
Unknown command.
Unknown command.
Unknown command.
Things that are here:
a +0 giant spiked club; a +0 giant club You see here a +4 executioner's axe of flaming.
You start resting.
Something hits you!!
* * * LOW HITPOINT WARNING * * *
You closely miss something.
You feel much better. Something barely misses you.
Unknown command.
Unknown command.
You barely miss something. You claw something! Something hits you!!
* * * LOW HITPOINT WARNING * * *
You scratch something but do no damage. You closely miss something.
Something hits you!!
You die...

__.#)_# )###'##
......# ......#
#####)#
__#...#+##############
__#...#....#.#.#.....#
__#...##.#..#.##)###.#
__#...'##)#.#.##@#.)##
__'...#...#..#..##.§
▓▓▓▓▓▓▓▓▓▓▓▓▓▓▓▓▓▓▓▓


There were no monsters in sight!

Vanquished Creatures
  A deep elf pyromancer (D)
  A shadow (D)
  A spatial vortex (D)
  5 two-headed ogres (D)
  A necrophage (D)
  A water elemental (D)
  A jelly (D)
  A wizard (D)
  Jessica (D)
  A necromancer (D)
  3 humans (D)
  A kobold demonologist (D)
  A wolf (D)
  An endoplasm (D)
  2 rats (D)
22 creatures vanquished.

Notes
Turn   | Place    | Note
-------+----------+-------------------------------------------
     0 | D        | sircluck the Troll Berserker began the quest for the Orb.
     0 | D        | Reached XP level 1. HP: 22/22 MP: 0/0
    11 | D        | Noticed Jessica
    14 | D        | Killed Jessica
    14 | D        | Reached ** piety under Trog
    15 | D        | Reached skill level 4 in Unarmed Combat
    15 | D        | Reached XP level 2. HP: 23/32 MP: 1/1
    16 | D        | Reached XP level 3. HP: 29/39 MP: 2/2
    55 | D        | Reached *** piety under Trog
    56 | D        | Reached skill level 5 in Unarmed Combat
    88 | D        | Gained mutation: You are covered in thick fur. (AC +2)
                  | [potion of mutation]
   103 | D        | Noticed a water elemental
   107 | D        | Killed a water elemental
   108 | D        | Reached skill level 5 in Fighting
   108 | D        | Reached skill level 5 in Dodging
   108 | D        | Reached skill level 6 in Unarmed Combat
   108 | D        | Reached XP level 4. HP: 50/50 MP: 3/3
   150 | D        | Found a radiant altar of Vehumet.
   150 | D        | Found a shimmering blue altar of Sif Muna.
   150 | D        | Found an ancient bone altar of Kikubaaqudgha.
   150 | D        | Noticed a wizard
   156 | D        | Killed a wizard
   157 | D        | Reached XP level 5. HP: 54/57 MP: 4/4
   160 | D        | Reached **** piety under Trog
   175 | D        | Found a hide-covered altar of Uskayaw.
   175 | D        | Found an iron altar of Okawaru.
   175 | D        | Found a bloodstained altar of Trog.
   175 | D        | Found an ornate altar of the Wu Jian Council.
   175 | D        | Noticed a human
   180 | D        | Noticed a human
   181 | D        | Killed a human
   182 | D        | Reached skill level 8 in Unarmed Combat
   182 | D        | Reached XP level 6. HP: 68/68 MP: 5/5
   185 | D        | Killed a human
   258 | D        | Found a basalt altar of Yredelemnul.
   258 | D        | Found a shadowy altar of Dithmenos.
   258 | D        | Found a sacrificial altar of Ru.
   262 | D        | Reached skill level 9 in Unarmed Combat
   267 | D        | Reached XP level 7. HP: 76/79 MP: 6/6
   280 | D        | Found a glowing silver altar of Zin.
   281 | D        | Found a glowing golden altar of the Shining One.
   281 | D        | Found a white marble altar of Elyvilon.
   281 | D        | Noticed a deep elf pyromancer
   288 | D        | Killed a deep elf pyromancer
   288 | D        | Reached ***** piety under Trog
   289 | D        | Reached skill level 10 in Unarmed Combat
   321 | D        | Noticed a shadow
   323 | D        | Killed a shadow
   323 | D        | Received a gift from Trog
   324 | D        | Reached XP level 8. HP: 85/92 MP: 7/7
   333 | D        | Found a blossoming altar of Fedhas.
   333 | D        | Found a stormy altar of Qazlal.
   333 | D        | Found a snail-covered altar of Cheibriados.
   333 | D        | Found a burning altar of Makhleb.
   333 | D        | Found a shimmering altar of Xom.
   334 | D        | Found a hazy altar of Hepliaklqana.
   334 | D        | Found an opulent altar of Gozag.
   334 | D        | Found a sparkling altar of Nemelex Xobeh.
   334 | D        | Found a corrupted altar of Lugonu.
   334 | D        | Found a viscous altar of Jiyva.
   341 | D        | Reached skill level 11 in Unarmed Combat
   421 | D        | Noticed a two-headed ogre
   426 | D        | Killed a two-headed ogre
   426 | D        | Received a gift from Trog
   427 | D        | Reached skill level 10 in Fighting
   432 | D        | Noticed a two-headed ogre
   432 | D        | Noticed Erolcha
   436 | D        | Killed a two-headed ogre
   437 | D        | Reached skill level 10 in Dodging
   437 | D        | Reached skill level 12 in Unarmed Combat
   453 | D        | Mangled by Erolcha

Illustrated notes

Levels and vault maps discovered:
D:        dungeon_sprint_mu [sprint_mu_entry_forest, sprint_mu_temple_rooms,
          sprint_mu_d1_spiders, sprint_mu_d2_genie, sprint_mu_d3_branching,
          sprint_mu_orc_legion, sprint_mu_elf_gauntlet, sprint_mu_hive_nellie,
          sprint_mu_lair_fedhas, sprint_mu_vaults_butterflies,
          sprint_mu_slime_circle, sprint_mu_swamp_cave, sprint_mu_shoals_kraken,
          sprint_mu_blade_basic, sprint_mu_crypt_lich, sprint_mu_tomb_spiral,
          sprint_mu_vestibule_basic, sprint_mu_gehenna_hellfire,
          sprint_mu_dis_giant, sprint_mu_tartarus_statrot,
          sprint_mu_cocytus_islands, sprint_mu_zot1]

Skill      XL: |  1  2  3  4  5  6  7  8 |
---------------+-------------------------+-----
Fighting       | 3 5 6 7 9 10 | 10.3
Dodging        | 3 5 6 7 9 10 | 10.2
Unarmed Combat | 4 6 8 9 10 12 | 12.1

Action                     |  1- 3 |  4- 6 |  7- 9 || total
---------------------------+-------+-------+-------++-------
  Melee: Unarmed           |    19 |    23 |    38 ||    80
         Punch             |     1 |       |     3 ||     4
 Invoke: Berserk           |     1 |     1 |       ||     2
    Use: Potion            |     1 |       |     1 ||     2
 Armour: Animal skin       |     7 |    11 |    16 ||    34
  Dodge: Dodged            |     7 |     2 |    12 ||    21

Table legend: (Time is in decaauts)
 A = Elapsed time spent in this place.
 B = Non-inter-level travel time spent in this place.
 C = Inter-level travel time spent in this place.
 D = Time resting spent in this place.
 E = Time spent auto-exploring this place.
 F = Levels seen in this place.
 G = Mean time per level.
                   A        B        C        D        E       F      G
               +--------+--------+--------+--------+--------+-----+--------+
         Total |    459 |    459 |      0 |    171 |    107 |   1 |  459.0 |
       Dungeon |    459 |    459 |      0 |    171 |    107 |   1 |  459.0 |
               +--------+--------+--------+--------+--------+-----+--------+

Top non-repeatable levels by time:
       D: 459 daAuts
